 Dungeon Crawl Stone Soup version 0.29.1-2-gbd0b4ee654 (webtiles) character file.

Game seed: 17110279592115757864

327 qeuew the Trooper (level 6, -3/56 HPs)
             Began as a Minotaur Fighter on Nov 13, 2022.
             Was an Initiate of Elyvilon.
             Slain by Duvessa
             ... wielding a +0 rapier
              (14 damage)
             ... on level 4 of the Dungeon.
             The game lasted 00:03:09 (3765 turns).

qeuew the Trooper (Minotaur Fighter)                Turns: 3765, Time: 00:03:09

Health: -3/56      AC:  8    Str: 20    XL:     6   Next: 24%
Magic:  5/5        EV:  9    Int:  5    God:    Elyvilon [......]
Gold:   250        SH:  5    Dex: 12    Spells: 5/5 levels left

rFire   . . .      SeeInvis .   a - +1 war axe
rCold   . . .      Faith    .   c - +0 buckler
rNeg    . . .      Spirit   .   b - +0 scale mail
rPois   .          Reflect  .   (helmet restricted)
rElec   .          Harm     .   (no cloak)
rCorr   .          Rampage  .   n - +0 pair of gloves
Will    .....                   (no boots)
Stlth   ..........              (no amulet)
HPRegen 0.18/turn               (no ring)
MPRegen 0.09/turn               (no ring)

@: mighty
A: horns 2, retaliatory headbutt
a: Renounce Religion


You were on level 4 of the Dungeon.
You worshipped Elyvilon.
Elyvilon was noncommittal.
You visited 1 branch of the dungeon, and saw 4 of its levels.

You collected 250 gold pieces.

Inventory:

Hand Weapons
 a - a +1 war axe (weapon)
Armour
 b - a +0 scale mail (worn)
 c - a +0 buckler (worn)
 n - a +0 pair of gloves (worn)
Scrolls
 e - 2 scrolls of amnesia
 f - a scroll of vulnerability {unknown}
 h - 5 scrolls of identify
 j - a scroll of noise {unknown}
 m - a scroll of enchant weapon
Potions
 i - a potion of degeneration {unknown}
 k - a potion of curing {unknown}
 l - a potion of lignification {unknown}


   Skills:
 + Level 5.2 Fighting
 + Level 4.5 Axes
 + Level 5.2 Armour
 + Level 5.2 Shields


You had 5 spell levels left.
You didn't know any spells.
Your spell library contained the following spells:

 Spells                   Type           Power      Damage    Failure   Level
 Call Canine Familiar     Summ           0%         N/A       99%         3
 Portal Projectile        Hex/Tloc       0%         N/A       99%         3
 Leda's Liquefaction      Hex/Erth       0%         N/A       100%        4


Dungeon Overview and Level Annotations

Branches:
Dungeon (4/15)
 Temple: D:4-7

Altars:
Elyvilon
Ru

Annotations:
D:4 Duvessa


Innate Abilities, Weirdness & Mutations

You have a pair of horns on your head.
You reflexively headbutt those who attack you in melee.


Message History

Dowan hits you with a +0 dagger. x2; Duvessa hits you with a +0 rapier!
You hit Dowan.
Dowan is heavily wounded.
You hit Duvessa. Duvessa hits you with a +0 rapier.
Dowan gestures at you while chanting. The puff of frost hits you!
You slash Dowan!
You kill Dowan!
Duvessa weeps, and shakes her weapon.
Duvessa goes berserk!
You closely miss Duvessa. You block Duvessa's attack.
Duvessa hits you with a +0 rapier!
You are too injured to fight recklessly!
You are too injured to fight recklessly!
You are too injured to fight recklessly!
You are too injured to fight recklessly!
You are too injured to fight recklessly!
You are too injured to fight recklessly!
Unknown command.
You hit Duvessa but do no damage.
Duvessa is lightly wounded.
Duvessa hits you with a +0 rapier.
* * * LOW HITPOINT WARNING * * *
Duvessa hits you but does no damage.
You feel much better. Duvessa hits you with a +0 rapier.
Duvessa hits you with a +0 rapier!
You feel very mighty all of a sudden. Duvessa hits you with a +0 rapier.
* * * LOW HITPOINT WARNING * * *
You slash Duvessa!
Duvessa is moderately wounded.
Duvessa completely misses you. You block Duvessa's attack.
You hit Duvessa.
Duvessa is heavily wounded.
Duvessa hits you with a +0 rapier.
* * * LOW HITPOINT WARNING * * *
Duvessa closely misses you.
You slash Duvessa!
Duvessa is severely wounded.
Duvessa hits you with a +0 rapier!
You die...

.........##.......)......##...##
.........##..............# ...8#
.........+.......##......# ...##
..)......##......##......# ..#
..)..†............#......#
..................#......#
####.####.........###+#+##
#...<#.........#
######.......@.# .......e)#
.........# .........+ .........#
.........# .........# .........#


You could see Duvessa (berserk).

Vanquished Creatures
  An ogre (D:4)
  Dowan (D:4)
  Terence (D:2)
  Natasha (D:3)
  Robin (D:3)
  3 adders
  A white imp (D:3)
  2 worms (D:3)
  3 dart slugs
  2 orcs
  4 bats
  3 endoplasms (D:2)
  4 giant cockroaches
  17 goblins
  14 hobgoblins
  2 jackals (D:3)
  3 kobolds
  6 quokkas
  8 ball pythons
  2 frilled lizards (D:2)
  5 rats
  A spectral hobgoblin (D:1)
85 creatures vanquished.

Notes
Turn   | Place    | Note
-------+----------+-------------------------------------------
     0 | D:1      | qeuew the Minotaur Fighter began the quest for the Orb.
     0 | D:1      | Reached XP level 1. HP: 19/19 MP: 0/0
    57 | D:1      | Found a faded altar of an unknown god.
   153 | D:1      | Reached XP level 2. HP: 23/27 MP: 1/1
   855 | D:2      | Reached XP level 3. HP: 29/33 MP: 2/2
  1160 | D:2      | Found a sacrificial altar of Ru.
  1628 | D:2      | Noticed Terence
  1637 | D:2      | Killed Terence
  1638 | D:2      | Reached XP level 4. HP: 22/41 MP: 3/3
  2635 | D:3      | Noticed Robin
  2649 | D:3      | Reached XP level 5. HP: 26/47 MP: 4/4
  2650 | D:3      | Killed Robin
  3129 | D:3      | Found a white marble altar of Elyvilon.
  3198 | D:3      | Became a worshipper of Elyvilon the Healer
  3362 | D:3      | Noticed Natasha
  3369 | D:3      | Killed Natasha
  3598 | D:4      | Noticed an ogre
  3606 | D:4      | Killed an ogre
  3607 | D:4      | Reached skill level 5 in Fighting
  3607 | D:4      | Reached skill level 5 in Armour
  3607 | D:4      | Reached skill level 5 in Shields
  3607 | D:4      | Reached XP level 6. HP: 38/56 MP: 5/5
  3753 | D:4      | Noticed Duvessa
  3753 | D:4      | Noticed Dowan
  3759 | D:4      | Killed Dowan
  3765 | D:4      | Slain by Duvessa

Illustrated notes

Levels and vault maps discovered:
D:1:      minmay_arrival_loop, layout_loops_ring,
          dreamdust_ecumenical_altar_drowned_temple, minmay_fountain_box,
          minmay_hexomino_f4
D:2:      cheibrodos_helix_gallery, layout_basic, basic_altar, uniq_terence
D:3:      layout_loops_corners, lemuel_coloured_pillars_altar, uniq_robin,
          uniq_natasha
D:4:      layout_basic, mainiacjoe_overflow_alcove_4, serial_corexii_hall,
          corexii_hall_statues_i, corexii_hall_statues_u, amethyst_killhole,
          uniq_pikel, uniq_sigmund, uniq_duvessa

Skill      XL: |  1  2  3  4  5 |
---------------+----------------+-----
Fighting       | 4 5 |  5.2
Armour         | 4 5 |  5.2
Shields        | 4 5 |  5.2
Axes           | 3 4 |  4.5

Action                   |  1- 3 |  4- 6 || total
-------------------------+-------+-------++-------
Melee: War axe           |    73 |   100 ||   173
       Headbutt          |    14 |    11 ||    25
  Use: Scroll            |     3 |       ||     3
       Potion            |       |     2 ||     2
Armor: Scale mail        |    28 |    36 ||    64
Dodge: Dodged            |    28 |    49 ||    77
Block: Buckler           |    15 |    32 ||    47
